AoeStats
← UNCLE J

Enclosed

505053079Analyzed
1v1 RM · 25d ago on Sep 7, 2026· 61m 51s· 2 players
Game mode
Random Map
Map size
Tiny (2 player)
Population
200
Speed
Normal
Resources
Standard
Victory
Conquest
Starting age
Dark Age
Ending age
Imperial Age
RankedLock teamsTeams togetherTeam positionsShared explorationLock speedFull tech treeHidden civsTurbo modeCheats
Victory
Defeat
🇧🇷 Tatars · Brazil
961
+16
🇪🇪 Gurjaras · Estonia
971
-16
DKT | BRESSAN
6:36 Loom
11:14 Feudal Age
12:34 Double-Bit Axe
16:37 Castle Age
15:23 Horse Collar
16:09 Forging
16:05 Scale Barding Armor
22:28 Heavy Plow
23:08 Husbandry
23:16 Gold Mining
23:56 Bloodlines
25:09 Wheelbarrow
28:31 Chain Barding Armor
31:44 Pikeman
38:18 Iron Casting
43:03 Imperial Age
42:52 Hand Cart
43:56 Bow Saw
46:11 Blast Furnace
45:12 Light Cavalry
45:58 Scale Mail Armor
47:06 Timurid Siegecraft
47:01 Silk Armor
49:41 Heavy Cavalry Archer
50:24 Fletching
51:14 Squires
51:53 Bodkin Arrow
51:58 Padded Archer Armor
51:49 Cavalier
53:02 Bracer
54:17 Gold Shaft Mining
54:43 Leather Archer Armor
55:56 Ring Archer Armor
57:11 Ballistics
57:51 Chemistry
58:40 Plate Barding Armor
UNCLE J
9:55 Feudal Age
8:11 Loom
10:53 Double-Bit Axe
15:24 Horse Collar
19:50 Castle Age
19:17 Forging
19:12 Scale Barding Armor
19:18 Scale Barding Armor
22:02 Iron Casting
21:20 Fletching
22:13 Wheelbarrow
24:38 Chain Barding Armor
24:53 Husbandry
26:06 Town Watch
26:58 Bow Saw
26:51 Heavy Plow
29:02 Bloodlines
39:03 Elite Skirmisher
41:52 Hand Cart
47:13 Ballistics
49:40 Imperial Age
48:09 Kshatriyas
49:53 Town Patrol
52:04 Heavy Camel Rider
53:58 Conscription
54:16 Frontier Guards
58:46 Light Cavalry
Connection lost

Rejoining the realm…

Still unreachable

The connection could not be restored.

Session expired

The server has moved on; the page needs a fresh start.